 Dungeon Crawl Stone Soup version 0.27-a0-1555-g0e7b3fb1d2 (webtiles) character file.

Game seed: 4890857672646683911

949 Demosthentine the Poker (level 8, -2/63 HPs)
             Began as a Merfolk Gladiator on July 14, 2021.
             Was an Initiate of the Shining One.
             Slain by Duvessa (6 damage)
             ... on level 4 of the Dungeon.
             The game lasted 00:03:11 (5584 turns).

Demosthentine the Poker (Merfolk Gladiator)         Turns: 5584, Time: 00:03:12

Health: -2/63      AC:  5    Str: 16    XL:     8   Next: 13%
Magic:  17/17      EV: 15    Int:  7    God:    the Shining One [......]
Gold:   134        SH:  0    Dex: 16    Spells: 7/7 levels left

rFire    + . .     SeeInvis .   a - +0 trident
rCold    . . .     Faith    .   (no shield)
rNeg     . . .     Spirit   .   j - +1 leather armour {rF+}
rPois    .         Reflect  .   c - +0 helmet
rElec    .         Harm     .   (no cloak)
rCorr    .         Rampage  .   (no gloves)
Will     .....                  (no boots)
Stlth    +.........             (no amulet)
HPRegen  0.20/turn              f - ring of magical power
MPRegen  0.15/turn              (no ring)

@: about to teleport, glowing
A: (nimble swimmer 2), mertail
a: Renounce Religion


You were on level 4 of the Dungeon.
You worshipped the Shining One.
The Shining One was noncommittal.
You visited 2 branches of the dungeon, and saw 5 of its levels.

You collected 134 gold pieces.

Inventory:

Hand Weapons
 a - a +0 trident (weapon)
Missiles
 d - a throwing net (quivered)
 k - 2 boomerangs of dispersal
Armour
 c - a +0 helmet (worn)
 j - a +1 leather armour of fire resistance (worn)
Jewellery
 f - a ring of magical power (left hand)
Wands
 g - a wand of iceblast (15)
 l - a wand of flame (22)
 n - a wand of polymorph (8)
Scrolls
 m - a scroll of amnesia
 o - a scroll of identify
 q - a scroll of immolation {unknown}
Potions
 b - a potion of mutation {unknown}
 e - a potion of haste
 i - a potion of ambrosia {unknown}
 p - a potion of flight {unknown}
 r - a potion of curing


   Skills:
 + Level 5.4 Fighting
 + Level 7.8 Polearms
 - Level 2.0 Throwing
 + Level 3.1 Armour
 + Level 7.1 Dodging


You had 7 spell levels left.
You didn't know any spells.
Your spell library contained the following spells:

 Spells                   Type           Power      Damage    Failure   Level
 Corona                   Hex            0%         N/A       50%         1
 Summon Small Mammal      Summ           0%         N/A       50%         1
 Ensorcelled Hibernation  Hex/Ice        0%         N/A       63%         2
 Sublimation of Blood     Necr           0%         N/A       63%         2
 Call Canine Familiar     Summ           0%         N/A       86%         3
 Summon Guardian Golem    Hex/Summ       0%         N/A       86%         3
 Tukima's Dance           Hex            0%         N/A       86%         3
 Petrify                  Tmut/Erth      0%         N/A       99%         4
 Irradiate                Conj/Tmut      0%         3d14      100%        5


Dungeon Overview and Level Annotations

Branches:
Dungeon (4/15)             Temple (1/1) D:4

Altars:
Cheibriados
Fedhas
Hepliaklqana
Makhleb
Okawaru
Qazlal
Sif Muna
Trog
Vehumet
Wu Jian
Xom
Yredelemnul
Zin
The Shining One

Annotations:
D:4 Dowan, Duvessa


Innate Abilities, Weirdness & Mutations

((You are quick and stealthy near water. (Stealth+, EV+, Speed+++)))
Your lower body shifts to a powerful aquatic tail in water.


Message History

Duvessa is lightly wounded.
Duvessa hits you with a +0 short sword!
You hit Duvessa but do no damage.
Duvessa is lightly wounded.
Throw: 2 throwing nets
Press: ? - help, Q - select action, (/) - cycle Shift-Dir - straight line, f/p - Duvessa
Aim: Duvessa, wielding a +0 short sword and wearing a +0 leather armour (lightly wounded, 66% to hit)
You throw a throwing net.
The throwing net closely misses Duvessa.
The throwing net hits Dowan.
Dowan is caught in the net!
Duvessa hits you but does no damage.
Dowan struggles against the net.
You feel better. Duvessa hits you with a +0 short sword.
Dowan struggles against the net.
You closely miss Duvessa.
Duvessa is lightly wounded.
Duvessa hits you with a +0 short sword.
Dowan struggles against the net.
You hit Duvessa but do no damage.
Duvessa is lightly wounded.
Duvessa hits you with a +0 short sword.
Dowan struggles against the net.
You completely miss Duvessa.
Duvessa is lightly wounded.
Duvessa hits you with a +0 short sword.
Dowan struggles against the net.
The net rips apart, and Dowan comes free!
You closely miss Duvessa.
Duvessa is lightly wounded.
Duvessa hits you with a +0 short sword!
* * * LOW HITPOINT WARNING * * *
Dowan hisses, "Insulting my beauty only makes me fight harder!"
You hit Duvessa but do no damage.
Duvessa is lightly wounded.
Duvessa hits you with a +0 short sword.
* * * LOW HITPOINT WARNING * * *
You hit Duvessa but do no damage.
Duvessa is lightly wounded.
Dowan casts a spell.
Dowan blinks!
Duvessa barely misses you.
Unknown command.
As you read the scroll of teleportation, it crumbles to dust.
You feel strangely unstable. Duvessa hits you with a +0 short sword.
You die...

#########.# ###.######
##.###.# #.# #......# #.#<#.#
#######.##########.# #.#.#.#
............... #.# #.#...#
#########.######## #.#
#.##### ............>....#
#.######.# #
###........#...#.#.#........#
#
#.............#.#.##########
# #.............#@#.# #
#.#...........#e#.# #
#.#.#####.#...#ยง#.# # ##.#.#
####...#e#.# # ##.#..
.........#.# # ##.##
.##.......# ######## # .....
.e.........# #......# # .....
..##.......# #.####.# # .....
#.###.#.# #.# #.# #


You could see Duvessa and Dowan.

Vanquished Creatures
  Pikel (D:4)
  A black bear (D:4)
  An ice beast (D:4)
  An ogre (D:4)
  A lemure (D:4)
  A scorpion (D:4)
  The ghost of Harkinian the Chiller, a weakling DrIE (D:3)
  A jelly (D:4)
  A bullfrog skeleton (D:4)
  An iguana (D:4)
  2 adders
  2 worms
  A dart slug (D:2)
  8 orcs
  4 ball pythons
  5 endoplasms
  A giant cockroach (D:3)
  7 goblins
  10 hobgoblins
  6 jackals
  6 kobolds
  2 quokkas (D:3)
  A bat (D:2)
  2 frilled lizards
  4 rats
71 creatures vanquished.

Vanquished Creatures (others)
  4 plants (D:3)
  2 withered plants (D:3)
6 creatures vanquished.

Grand Total: 77 creatures vanquished

Notes
Turn   | Place    | Note
-------+----------+-------------------------------------------
     0 | D:1      | Demosthentine the Merfolk Gladiator began the quest for the
                  | Orb.
     0 | D:1      | Reached XP level 1. HP: 16/16 MP: 1/1
   256 | D:1      | Reached XP level 2. HP: 23/23 MP: 2/2
  1153 | D:2      | Found a faded altar of an unknown god.
  1199 | D:2      | Reached XP level 3. HP: 28/28 MP: 3/3
  1554 | D:2      | Reached skill level 1 in Armour
  1851 | D:3      | Found a runed translucent door.
  1851 | D:3      | Noticed Harkinian's ghost (weakling DrIE)
  1854 | D:3      | Reached skill level 5 in Polearms
  2198 | D:3      | Reached XP level 4. HP: 35/35 MP: 4/4
  3185 | D:3      | Killed Harkinian's ghost
  3186 | D:3      | Reached skill level 5 in Dodging
  3186 | D:3      | Reached XP level 5. HP: 5/41 MP: 5/5
  3634 | D:4      | Noticed a lemure
  3635 | D:4      | Noticed Pikel
  3636 | D:4      | Noticed a lemure
  3636 | D:4      | Noticed a lemure
  3636 | D:4      | Noticed a lemure
  3638 | D:4      | Noticed an ogre
  3644 | D:4      | Killed a lemure
  3655 | D:4      | Killed an ogre
  3664 | D:4      | Killed Pikel
  3665 | D:4      | Reached XP level 6. HP: 35/50 MP: 6/6
  3665 | D:4      | Reached XP level 7. HP: 39/55 MP: 7/7
  3762 | D:4      | Found a staircase to the Ecumenical Temple.
  4134 | Temple   | Entered the Ecumenical Temple
  4584 | Temple   | Became a worshipper of the Shining One
  4624 | D:4      | Reached skill level 5 in Fighting
  5034 | D:4      | Reached XP level 8. HP: 29/62 MP: 8/8
  5545 | D:4      | Noticed Duvessa
  5546 | D:4      | Noticed Dowan
  5584 | D:4      | Slain by Duvessa

Illustrated notes

Levels and vault maps discovered:
D:1:      dpeg_arrival_refuge, layout_basic, chequers_serial_rivers_micro_c
D:2:      layout_loops_corners, hellmonk_ecumenical_altar_heavens_door
D:3:      corexii_shack_village, layout_basic, gammafunk_ghost_grave
D:4:      layout_basic, minmay_temple_entry_sparse_star, uniq_pikel,
          uniq_duvessa
Temple:   eino_temple_water

Skill      XL: |  1  2  3  4  5  6  7 |
---------------+----------------------+-----
Armour         | 1 2 3 |  3.1
Polearms       | 5 7 |  7.8
Fighting       | 3 4 5 |  5.4
Dodging        | 5 6 7 |  7.1
Throwing       | |  2.0

Action                   |  1- 3 |  4- 6 |  7- 9 || total
-------------------------+-------+-------+-------++-------
Melee: Trident           |   119 |    89 |   106 ||   314
       Unarmed           |       |    17 |       ||    17
Throw: Throwing net      |       |       |     2 ||     2
  Use: Scroll            |     2 |     1 |     1 ||     4
       Potion            |       |     2 |     3 ||     5
 Stab: Sleeping          |     4 |     2 |       ||     6
       Confused          |       |     4 |       ||     4
Armor: Leather armour    |    13 |    13 |    13 ||    39
       Skin              |       |     4 |       ||     4
Dodge: Dodged            |    60 |    55 |    82 ||   197

Table legend: (Time is in decaauts)
 A = Elapsed time spent in this place.
 B = Non-inter-level travel time spent in this place.
 C = Inter-level travel time spent in this place.
 D = Time resting spent in this place.
 E = Time spent auto-exploring this place.
 F = Levels seen in this place.
 G = Mean time per level.
                   A        B        C        D        E       F      G
               +--------+--------+--------+--------+--------+-----+--------+
         Total |   5395 |   5279 |    116 |    242 |   4427 |   5 | 1079.0 |
       Dungeon |   5103 |   4988 |    115 |    242 |   4174 |   4 | 1275.8 |
        Temple |    292 |    292 |      0 |      0 |    252 |   1 |  292.0 |
               +--------+--------+--------+--------+--------+-----+--------+

Top non-repeatable levels by time:
     D:3: 1628 daAuts
     D:4: 1628 daAuts
     D:2: 991 daAuts
     D:1: 855 daAuts
  Temple: 292 daAuts
